 Dungeon Crawl Stone Soup version 0.29-a0-775-g4d7333d4e2 (webtiles) character file.

Game seed: 12150350812387607996

266563 Zappman123 the Acrobat (level 19, 0/114 HPs)
             Began as a Spriggan Hunter on June 30, 2022.
             Was the Champion of Fedhas.
             Killed from afar by a shock serpent (12 damage)
             ... with an electric aura
             ... on level 3 of the Snake Pit on July 1, 2022.
             The game lasted 01:42:49 (44773 turns).

Zappman123 the Acrobat (Spriggan Hunter)           Turns: 44773, Time: 01:42:49

Health: 0/114      AC: 12    Str:  7    XL:     19   Next: 71%
Magic:  6/27       EV: 46    Int:  9    God:    Fedhas [******]
Gold:   1881       SH:  0    Dex: 26    Spells: 18/18 levels left

rFire   + . .      SeeInvis +   a - +7 arbalest (vorpal)
rCold   + . .      Faith    .   (shield currently unavailable)
rNeg    . . .      Spirit   .   O - +2 robe {rC+ rF+}
rPois   +          Reflect  .   C - +2 hat
rElec   .          Harm     .   M - +1 cloak
rCorr   .          Rampage  .   (gloves unavailable)
Will    ++++.                   (boots unavailable)
Stlth   ++........              n - amulet of regeneration
HPRegen 1.09/turn               t - ring of poison resistance
MPRegen 0.20/turn               V - +4 ring of protection

@: very quick
A: very small, no large weapons, unfitting armour, see invisible, speed 3, dopey
1, strong-willed 1, MP-powered wands
}: 1/15 runes: decaying
a: Renounce Religion, Wall of Briars, Grow Ballistomycete, Overgrow, Grow Oklob


You were on level 3 of the Snake Pit.
You worshipped Fedhas.
Fedhas was exalted by your worship.
You visited 6 branches of the dungeon, and saw 34 of its levels.
You also visited: Bailey and Ice Cave.

You collected 4828 gold pieces.
You spent 2947 gold pieces at shops.

Inventory:

Hand Weapons
 a - a +7 vorpal arbalest (weapon)
 b - a +4 shortbow of venom
 c - a +2 arbalest of flaming
 W - the +9 short sword of Dismemberment {elec, rElec rN+}
   (You found it on level 15 of the Dungeon)

   It occasionally discharges a powerful burst of electricity upon striking a
   foe.
   rElec:     It insulates you from electricity.
   rN:        It protects you from negative energy.
Missiles
 J - a throwing net
 T - 3 curare-tipped darts
Armour
 d - +0 swamp dragon scales
 v - a scarf of repulsion
 C - a +2 hat (worn)
 M - a +1 cloak (worn)
 O - a +2 robe of resistance (worn)
Jewellery
 n - an amulet of regeneration (around neck)
 t - a ring of poison resistance (left hand)
 x - a ring of resist corrosion
 H - a +4 ring of evasion
 V - a +4 ring of protection (right hand)
Wands
 E - a wand of paralysis (48)
 K - a wand of iceblast (18)
 P - a wand of polymorph (14)
 U - a wand of digging (18)
 X - a wand of mindburst (6)
 Z - a wand of light (6)
Scrolls
 e - 13 scrolls of teleportation
 h - 5 scrolls of fog
 i - 4 scrolls of enchant armour
 l - 2 scrolls of immolation
 o - 9 scrolls of amnesia
 s - 4 scrolls of magic mapping
 u - 3 scrolls of poison
 w - a scroll of torment
 y - 7 scrolls of fear
 D - a scroll of vulnerability
 L - 2 scrolls of blinking
Potions
 f - 2 potions of ambrosia
 g - 2 potions of flight
 j - 4 potions of heal wounds
 k - 14 potions of curing
 p - 3 potions of cancellation
 r - 5 potions of brilliance
 B - a potion of invisibility
 F - 2 potions of mutation
 I - 5 potions of haste
 Q - 3 potions of resistance
 S - 2 potions of magic
 Y - 3 potions of berserk rage
Miscellaneous
 m - a condenser vane (inert)
 q - a phantom mirror (inert)
 z - a phial of floods (inert)


   Skills:
 - Level 18.0 Fighting
 + Level 23.7 Ranged Weapons
 - Level 24.0 Dodging
 - Level 1.5 Stealth
 - Level 10.0 Invocations
 - Level 15.0 Evocations


You had 18 spell levels left.
You didn't know any spells.
Your spell library contained the following spells:

 Spells                   Type           Power      Damage    Failure   Level
 Apportation              Tloc           0%         N/A       38%         1
 Beastly Appendage        Tmut           0%         N/A       38%         1
 Magic Dart               Conj           0%         1d3       38%         1
 Sandblast                Erth           0%         2d4       38%         1
 Ensorcelled Hibernation  Hex/Ice        0%         N/A       52%         2
 Passwall                 Tmut/Erth      0%         N/A       52%         2
 Scorch                   Fire           0%         2d5       52%         2
 Searing Ray              Conj           0%         2d4       52%         2
 Sublimation of Blood     Necr           0%         N/A       52%         2
 Wereblood                Tmut           0%         N/A       52%         2
 Gell's Gravitas          Tloc           0%         N/A       77%         3
 Lesser Beckoning         Tloc           0%         N/A       77%         3
 Ozocubu's Armour         Ice            0%         N/A       77%         3
 Spider Form              Tmut/Pois      0%         N/A       77%         3
 Stone Arrow              Conj/Erth      0%         3d7       77%         3
 Swiftness                Air            0%         N/A       77%         3
 Teleport Other           Tloc           0%         N/A       77%         3
 Animate Armour           Summ/Erth      0%         N/A       99%         4
 Animate Dead             Necr           0%         N/A       99%         4
 Flame Wave               Conj/Fire      0%         2d4       99%         4
 Fulminant Prism          Conj/Hex       0%         3d6       99%         4
 Iskenderun's Mystic Bla  Conj/Tloc      0%         2d3       99%         4
 Leda's Liquefaction      Hex/Erth       0%         N/A       99%         4
 Petrify                  Tmut/Erth      0%         N/A       99%         4
 Alistair's Intoxication  Tmut/Pois      0%         N/A       100%        5
 Borgnjor's Vile Clutch   Necr/Erth      0%         N/A       100%        5
 Fireball                 Conj/Fire      0%         3d3       100%        5
 Irradiate                Conj/Tmut      0%         3d13      100%        5
 Iskenderun's Battlesphe  Conj           0%         2d6       100%        5
 Lee's Rapid Deconstruct  Erth           0%         3d5*      100%        5
 Conjure Ball Lightning   Conj/Air       0%         3x3d6     100%        6
 Death Channel            Necr           0%         N/A       100%        6
 Statue Form              Tmut/Erth      0%         N/A       100%        6
 Summon Cactus Giant      Summ           0%         N/A       100%        6
 Malign Gateway           Summ/Tloc      0%         N/A       100%        7
 Orb of Destruction       Conj           0%         9d5       100%        7
 Ozocubu's Refrigeration  Ice            0%         4d5       100%        7
 Lehudib's Crystal Spear  Conj/Erth      0%         10d2      100%        8
 Summon Horrible Things   Summ           0%         N/A       100%        8


Dungeon Overview and Level Annotations

Branches:
Dungeon (15/15)            Temple (0/1) D:5            Lair (6/6) D:8
  Swamp (4/4) Lair:3        Snake (3/4) Lair:4        Slime (0/5) Lair:5
    Orc (2/2) D:10            Elf (0/3) Orc:2        Vaults (4/5) D:13
  Crypt (0/3) Vaults:3     Depths (0/4) D:15         Bailey (visited)
  IceCv (visited)

Altars:
Ashenzari
Cheibriados
Fedhas
Hepliaklqana
Kikubaaqudgha
Makhleb
Okawaru
Qazlal
Sif Muna
Trog
Vehumet
Wu Jian
Zin

Shops:
D:5 (   Orc:2 *?*[   Snake:1 *   Vaults:2 :   Vaults:4 !

Annotations:
D:7 2 transporters/ogres, Peppero's ghost, novice GnCj
D:11 boulderbeetle
D:13 1 runed translucent door
Lair:2 3 exclusions
Lair:5 2 transporters, Ithig's ghost, journeyman OpTm
Snake:1 exclusion: downstairs
Snake:3 Roxanne
Vaults:1 zenata, Zenata
Vaults:2 3 runed translucent doors, anonymous's ghost, adept MiGl
Vaults:3 nikola, exclusion: downstairs


Innate Abilities, Weirdness & Mutations

You are very small and have problems with some larger weapons.
You are too small for most types of armour.
You have supernaturally acute eyesight. (SInv)
You cover ground extremely quickly. (Speed+++)
You are dopey. (Int -2)
You are strong-willed. (Will+)
You expend magic power (3 MP) to strengthen your wands.


Message History

The shock serpent's electric aura discharges, shocking you!
* * * LOW HITPOINT WARNING * * *
The mana viper is engulfed in negative energy.
The mana viper closely misses you.
The mana viper is engulfed in negative energy.
The mana viper completely misses you.
The black mamba is engulfed in negative energy.
Unknown command.
You feel better.
The naga ritualist's toxic aura wanes.
The shock serpent is engulfed in negative energy.
The shock serpent completely misses you.
The shock serpent's electric aura discharges, shocking you!
* * * LOW HITPOINT WARNING * * *
The salamander is engulfed in negative energy.
The salamander completely misses you.
The mana viper is engulfed in negative energy.
The mana viper completely misses you.
The black mamba is engulfed in negative energy.
You kill the black mamba!
Fedhas appreciates your contribution to the ecosystem.
The mana viper is engulfed in negative energy.
The mana viper completely misses you.
The naga ritualist is engulfed in negative energy.
The naga ritualist is drained!
The salamander is engulfed in negative energy.
You kill the salamander!
Fedhas appreciates your contribution to the ecosystem.
The shock serpent is engulfed in negative energy.
The shock serpent shoots out a bolt of lightning at you!
The bolt of electricity hits you!
* * * LOW HITPOINT WARNING * * *
The bolt of electricity hits you!
* * * LOW HITPOINT WARNING * * *
The bolt of electricity hits the shock serpent.
The shock serpent completely resists.
The bolt of electricity hits the mana viper!
The mana viper dies!
The shock serpent's electric aura discharges, shocking you!
You die...
Fedhas appreciates your contribution to the ecosystem.

#. ## ##. .# ## #.. #.#
#.. #.. #####..###
#...###.. ##.§§§....#
##........
#..§§§#.).#..........#.
.....#§§N#.....#
###..... ######§§S@.#
#..... ...§§§#S..#
......... ###..........
....^###.
.........#...##.... #..
...###.....
........##.# ..##
....... ........... ..
....>... ..........
..)..#.... ##....
###....


You could see a naga ritualist (drained), a shock serpent (very drained) and a
mana viper (very drained).

Vanquished Creatures
  Nikola (Vaults:3)
  2 tentacled monstrosities (Swamp:4)
  Jorgrun (D:12)
  Frances (Snake:2)
  A sphinx (Vaults:4)
  Kirke (Swamp:2)
  3 fenstrider witches
  A tengu reaver (Vaults:4)
  A fire giant (Vaults:2)
  3 orc warlords
  6 vault wardens
  Aizul (Snake:3)
  Louise (D:14)
  4 very ugly things
  5 ghouls (Swamp:4)
  12 ironbound preservers
  A stone giant (D:15)
  8 ironbound thunderhulks
  6 eleionomae
  A vampire knight (Vaults:3)
  A deep elf annihilator (Vaults:4)
  5 dire elephants
  2 entropy weavers
  5 bunyips
  An eidolon (Vaults:3)
  An ettin (Vaults:4)
  A crystal guardian (Vaults:1)
  A green death (Swamp:4)
  6 great orbs of eyes
  4 vault guards
  7 yaktaur captains
  10 hydras
  A peacekeeper (Vaults:1)
  4 ogre magi
  5 ironbound frosthearts
  A ghost crab (Swamp:3)
  6 anacondas
  11 two-headed ogres
  2 catoblepae (Lair:6)
  8 centaur warriors
  13 alligators
  8 death yaks
  5 naga warriors
  2 spriggan berserkers
  2 tengu warriors (D:15)
  2 naga sharpshooters (Snake:2)
  A soul eater (Swamp:4)
  3 shock serpents
  An iron troll (Orc:2)
  Amaemon (Lair:2)
  5 skeletal warriors
  Lodul (D:10)
  2 sixfirhies (Swamp:4)
  2 salamander mystics
  A goliath frog (shapeshifter) (Vaults:4)
  2 sea snakes (Snake:2)
  2 goliath frogs
  A death drake (Swamp:3)
  A phantasmal warrior (Vaults:3)
  5 spriggan druids
  44 deep trolls
  2 naga ritualists
  9 swamp dragons
  3 bog bodies
  Pikel (D:6)
  9 ironbound convokers
  7 lindwurms
  6 orc knights
  4 harpies (Vaults:2)
  3 deep elf pyromancers
  3 wizards
  A deep elf zephyrmancer (Swamp:4)
  6 mana vipers
  6 cyclopes
  9 will-o-the-wisps
  28 ugly things
  6 salamanders
  4 orc sorcerers
  4 manticores
  31 elephants
  18 black mambas
  7 naga magi
  Joseph (D:10)
  A guardian serpent (Snake:1)
  2 orange demons
  A gargoyle (D:13)
  An ice statue (IceCv)
  4 vault sentinels
  13 cane toads
  A torpor snail (Lair:6)
  Psyche (D:10)
  An unseen horror (D:10)
  6 komodo dragons
  2 rime drakes
  26 yaktaurs
  5 kobold demonologists
  A hellwing (Swamp:4)
  An ice devil (IceCv)
  12 trolls
  11 blink frogs
  4 tyrant leeches
  10 hornets
  A polar bear (Lair:5)
  2 dream sheep (Lair:6)
  19 slime creatures
  10 spriggans
  A shadow (D:9)
  A spriggan (shapeshifter) (D:15)
  Sigmund (D:5)
  2 dire elephant simulacra (IceCv)
  4 wyverns
  Eustachio (D:4)
  A vampire (D:12)
  A fire bat (D:8)
  A golden eye (Lair:5)
  3 hogs (Swamp:2)
  61 yaks
  4 wraiths
  4 basilisks
  A neqoxec (Swamp:4)
  5 vampire mosquitoes
  A chaos spawn (Swamp:4)
  2 wargs
  Menkaure (D:4)
  10 swamp worms
  2 harpy simulacra (IceCv)
  15 nagas
  2 acid dragons (D:11)
  22 water moccasins
  Duvessa (D:4)
  A sky beast (D:7)
  24 orc warriors
  3 swamp drakes (Swamp:2)
  4 ice beasts
  5 black bears
  20 wolves
  12 centaurs
  27 ogres
  3 lemures (D:6)
  2 kobold brigands
  A necrophage (D:6)
  13 bullfrogs
  2 gnoll sergeants
  3 scorpions
  8 two-headed ogre simulacra (IceCv)
  2 cane toad simulacra (IceCv)
  7 wights
  Dowan (D:4)
  8 killer bees
  4 elephant simulacra (IceCv)
  5 howler monkeys
  4 electric eels (Lair:3)
  3 hounds
  A jelly (D:8)
  Crazy Yiuf (D:2)
  16 orc priests
  Natasha (thrice) (D:2)
  Terence (D:2)
  An iguana (D:6)
  12 orc wizards
  A polar bear simulacrum (IceCv)
  7 hell rats (Lair:2)
  3 troll simulacra (IceCv)
  6 spriggan simulacra (IceCv)
  A wolf simulacrum (IceCv)
  Robin (D:2)
  24 gnolls
  4 naga simulacra (IceCv)
  14 adders
  4 shadow imps
  16 white imps
  10 ufetubi
  A worm (D:2)
  4 dart slugs
  60 orcs
  5 ball pythons (D:1)
  3 bats
  6 endoplasms
  3 giant cockroaches
  38 goblins
  9 hobgoblins
  9 jackals
  19 kobolds
  7 frilled lizards
  3 rats
  A butterfly (Lair:2)
1152 creatures vanquished.

Vanquished Creatures (collateral kills)
  2 tentacled monstrosities (Swamp:4)
  3 eleionomae (Swamp:1)
  4 dire elephants
  4 hydras
  A catoblepas (Lair:6)
  A centaur warrior (D:14)
  2 two-headed ogres (Orc:2)
  3 alligators (Swamp:2)
  9 death yaks
  A goliath frog (Swamp:1)
  A bog body (Swamp:1)
  An ironbound convoker (Vaults:4)
  A deep elf zephyrmancer (Swamp:4)
  An ugly thing (D:15)
  An orc sorcerer (Orc:2)
  A cyclops (Orc:2)
  A manticore (Lair:6)
  4 elephants
  A gargoyle (D:14)
  A black mamba (Lair:6)
  2 yaktaurs (D:15)
  A komodo dragon (Lair:5)
  2 trolls (Orc:2)
  A bloated husk (Swamp:1)
  2 tyrant leeches
  A blink frog (Lair:4)
  A dream sheep (Lair:6)
  3 yaks (Lair:2)
  A spriggan (Swamp:2)
  A water moccasin (Lair:6)
  A centaur (D:12)
  A bullfrog (Lair:1)
  An orc (D:14)
61 creatures vanquished.

Vanquished Creatures (others)
  A tentacled monstrosity (Swamp:4)
  A thorn hunter (Swamp:4)
  2 fenstrider witches (Swamp:4)
  An ironbound thunderhulk (Vaults:4)
  4 shambling mangroves (Swamp:4)
  A ghost crab (Swamp:4)
  3 spriggans (Swamp:4)
  2 spriggan druids (Swamp:4)
  A bog body (Swamp:4)
  2 swamp dragons
  A wizard (Swamp:4)
  A lindwurm (Vaults:2)
  A mana viper (Snake:3)
  An oklob plant (Lair:5)
  An orc sorcerer (Swamp:4)
  An orange demon (Swamp:4)
  A yaktaur (Vaults:2)
  A hellwing (Swamp:4)
  A bloated husk (Swamp:3)
  3 tyrant leeches (Swamp:2)
  9 hornets (Swamp:4)
  A hog (Swamp:3)
  A chaos spawn (Swamp:4)
  2 swamp worms (Swamp:4)
  2 water moccasins (Lair:5)
  51 foxfires
  71 fungi
  90 plants
257 creatures vanquished.

Grand Total: 1470 creatures vanquished

Notes
Turn   | Place    | Note
-------+----------+-------------------------------------------
     0 | D:1      | Zappman123 the Spriggan Hunter began the quest for the Orb.
     0 | D:1      | Reached XP level 1. HP: 10/10 MP: 2/2
     0 | D:1      | Upgraded the game from 0.29-a0-757-g358383bc75 to
                  | 0.29-a0-775-g4d7333d4e2
     6 | D:1      | Noticed an iguana
     6 | D:1      | Noticed a tyrant leech
     6 | D:1      | Noticed a servant of whispers
     7 | D:1      | Noticed a yaktaur
   127 | D:1      | Reached skill level 5 in Ranged Weapons
   141 | D:1      | Reached XP level 2. HP: 14/14 MP: 3/3
   240 | D:1      | Found a faded altar of an unknown god.
   595 | D:2      | Reached XP level 3. HP: 18/18 MP: 4/4
   600 | D:2      | Found a hazy altar of Hepliaklqana.
   671 | D:2      | Noticed Robin
   984 | D:2      | Killed Robin
   985 | D:2      | Reached XP level 4. HP: 23/23 MP: 5/5
  1037 | D:2      | Found a runed translucent door.
  1038 | D:2      | Noticed Crazy Yiuf
  1324 | D:2      | Noticed Natasha
  1329 | D:2      | Killed Natasha
  1376 | D:2      | Reached XP level 5. HP: 28/28 MP: 6/6
  1579 | D:2      | Noticed Natasha
  1589 | D:2      | Killed Natasha
  1590 | D:2      | Reached skill level 3 in Dodging
  1927 | D:2      | Noticed Terence
  1961 | D:2      | Killed Terence
  2186 | D:2      | Noticed Natasha
  2190 | D:2      | Killed Natasha
  2191 | D:2      | Reached XP level 6. HP: 33/33 MP: 7/7
  2226 | D:2      | Killed Crazy Yiuf
  2748 | D:3      | Reached skill level 4 in Dodging
  3182 | D:3      | Found a faded altar of an unknown god.
  3187 | D:3      | Found an iron altar of Okawaru.
  3271 | D:3      | Found a blossoming altar of Fedhas.
  3274 | D:3      | Found a snail-covered altar of Cheibriados.
  3278 | D:3      | Found a shimmering blue altar of Sif Muna.
  3289 | D:3      | Became a worshipper of Fedhas Madash
  3357 | D:4      | Noticed Duvessa
  3371 | D:4      | Noticed Eustachio
  3381 | D:4      | Noticed Dowan
  3393 | D:4      | Killed Duvessa
  3403 | D:4      | Killed Dowan
  3404 | D:4      | Reached XP level 7. HP: 37/37 MP: 8/8
  3423 | D:4      | Noticed Menkaure
  3740 | D:4      | Killed Menkaure
  4233 | D:4      | Found an ancient bone altar of Kikubaaqudgha.
  4773 | D:5      | Entered Level 5 of the Dungeon
  4815 | D:5      | Found Gitsey's Weapon Boutique.
  5537 | D:4      | Killed Eustachio
  5625 | D:5      | Reached skill level 10 in Ranged Weapons
  5693 | D:5      | Reached XP level 8. HP: 27/42 MP: 9/9
  5869 | D:5      | Noticed Sigmund
  5875 | D:5      | Killed Sigmund
  6000 | D:5      | Reached * piety under Fedhas
  6165 | D:5      | Found a radiant altar of Vehumet.
  6168 | D:5      | Found a bloodstained altar of Trog.
  6176 | D:5      | Found a broken altar of Ashenzari.
  6176 | D:5      | Found a stormy altar of Qazlal.
  6194 | D:5      | Found a glowing silver altar of Zin.
  6272 | D:5      | Found a staircase to the Ecumenical Temple.
  7166 | D:6      | Reached skill level 5 in Dodging
  7186 | D:5      | Bought a +4 shortbow for 325 gold pieces
  7325 | D:6      | Noticed Pikel
  7368 | D:6      | Killed Pikel
  7369 | D:6      | Reached skill level 5 in Fighting
  7369 | D:6      | Reached skill level 6 in Dodging
  7369 | D:6      | Reached XP level 9. HP: 21/47 MP: 10/10
  7760 | D:6      | Reached ** piety under Fedhas
  8436 | D:7      | Noticed a wizard
  8437 | D:7      | Noticed a two-headed ogre
  8610 | D:7      | Found a transporter.
  8613 | D:7      | Noticed Peppero's ghost (novice GnCj)
  8615 | D:7      | Found a transporter.
  8783 | D:8      | Reached *** piety under Fedhas
  8962 | D:8      | Reached skill level 15 in Ranged Weapons
  9186 | D:8      | Reached XP level 10. HP: 51/51 MP: 11/11
  9251 | D:8      | Reached **** piety under Fedhas
  9481 | D:8      | Noticed Maurice
  9485 | D:8      | Noticed Maurice
  9485 | D:8      | Maurice changed into Maurice the fire bat
  9489 | D:8      | Killed Maurice the fire bat
  9661 | D:8      | Found a staircase to the Lair.
  9773 | D:8      | Found an ornate altar of the Wu Jian Council.
 10152 | D:9      | Reached skill level 7 in Dodging
 10159 | D:9      | Found a flagged portal.
 10170 | Bailey   | Entered a bailey
 10391 | Bailey   | Reached ***** piety under Fedhas
 10439 | Bailey   | Reached skill level 8 in Dodging
 10455 | Bailey   | Noticed an orc warlord
 10487 | Bailey   | Killed an orc warlord
 10488 | Bailey   | Reached skill level 9 in Dodging
 10979 | D:9      | Noticed a two-headed ogre
 11020 | D:9      | Killed a two-headed ogre
 11021 | D:9      | Reached skill level 10 in Dodging
 11021 | D:9      | Reached XP level 11. HP: 49/58 MP: 12/12
 11252 | D:9      | Noticed a two-headed ogre
 11261 | D:9      | Killed a two-headed ogre
 11371 | D:9      | Noticed a sixfirhy
 11723 | D:10     | Entered Level 10 of the Dungeon
 11723 | D:10     | Found a staircase to the Orcish Mines.
 11852 | D:10     | Noticed Lodul
 11858 | D:10     | Noticed Psyche
 11976 | D:10     | Noticed Joseph
 11991 | D:10     | Killed Joseph
 11999 | D:10     | Reached skill level 11 in Dodging
 12040 | D:10     | Identified the +2 pair of boots of Ishrer {rElec Regen+}
 12174 | D:10     | Killed Psyche
 12275 | D:10     | Reached skill level 12 in Dodging
 12315 | D:10     | Killed Lodul
 12594 | D:10     | Reached skill level 13 in Dodging
 13219 | D:11     | You fall into a shaft and drop 1 floor!
 13230 | D:12     | Noticed a green ugly thing
 13257 | D:12     | Killed a green ugly thing
 13257 | D:12     | Reached ****** piety under Fedhas
 13258 | D:12     | Reached skill level 14 in Dodging
 13258 | D:12     | Reached skill level 1 in Invocations
 13809 | D:11     | Noticed a boulder beetle
 14302 | D:12     | Reached XP level 12. HP: 64/64 MP: 16/16
 14560 | D:12     | Noticed Jorgrun
 14707 | Lair:1   | Entered Level 1 of the Lair of Beasts
 14834 | Lair:1   | Reached skill level 5 in Invocations
 15935 | Lair:2   | Gained mutation: Your body sometimes deteriorates upon
                  | taking damage. [potion of mutation]
 15935 | Lair:2   | Gained mutation: You expend magic power (3 MP) to
                  | strengthen your wands. [potion of mutation]
 15952 | Lair:2   | Found a frozen archway.
 15985 | Lair:2   | Noticed a five-headed hydra
 15993 | Lair:2   | Killed a five-headed hydra
 16011 | IceCv    | Entered an ice cave
 16035 | IceCv    | Reached skill level 10 in Invocations
 17110 | IceCv    | Reached skill level 15 in Dodging
 17214 | IceCv    | Identified the +3 great mace "Gearean" {vamp, rCorr Str+2
                  | Dex-2}
 17430 | Lair:2   | Noticed a death yak
 17624 | Lair:2   | Noticed a death yak
 17634 | Lair:2   | Noticed a death yak
 17640 | Lair:2   | Noticed a death yak
 17648 | Lair:2   | Noticed a death yak
 17651 | Lair:2   | Killed a death yak
 17652 | Lair:2   | Reached XP level 13. HP: 68/68 MP: 6/21
 17661 | Lair:2   | Reached skill level 16 in Dodging
 18236 | Lair:2   | Noticed Amaemon
 18255 | Lair:2   | Killed Amaemon
 18347 | Lair:2   | Identified the +3 quarterstaff "Uddaug" {antimagic, rC+ rN+
                  | Str+4 Dex+3}
 18732 | Lair:3   | You fall into a shaft and drop 2 floors!
 18867 | Lair:5   | Found a staircase to the Slime Pits.
 19343 | Lair:3   | Found a staircase to the Swamp.
 19853 | Lair:4   | Found a staircase to the Snake Pit.
 20120 | Lair:4   | Reached skill level 17 in Dodging
 20276 | Lair:4   | Reached skill level 18 in Dodging
 20558 | Lair:4   | Reached XP level 14. HP: 57/73 MP: 16/22
 20925 | Lair:4   | Reached skill level 19 in Dodging
 21314 | Lair:5   | Noticed Ithig's ghost (journeyman OpTm)
 21354 | Lair:5   | Found a transporter.
 21356 | Lair:5   | Found a transporter.
 21704 | Lair:5   | Noticed Sonja
 21706 | Lair:5   | Noticed Sonja
 21706 | Lair:5   | Sonja changed into Sonja the golden eye
 21709 | Lair:5   | Killed Sonja the golden eye
 21797 | Lair:6   | Entered Level 6 of the Lair of Beasts
 22058 | Lair:6   | Reached skill level 20 in Dodging
 23020 | Lair:6   | Reached skill level 10 in Fighting
 23720 | Orc:1    | Entered Level 1 of the Orcish Mines
 24042 | Orc:2    | Entered Level 2 of the Orcish Mines
 24043 | Orc:2    | Found a staircase to the Elven Halls.
 24092 | Orc:1    | Found a burning altar of Makhleb.
 24466 | Orc:2    | Reached XP level 15. HP: 53/83 MP: 23/23
 24508 | Orc:2    | Noticed an orc warlord
 24783 | Orc:1    | Killed an orc warlord
 25342 | Orc:2    | Found Ovar's Magic Scroll Shoppe.
 25348 | Orc:2    | Found Acossi's Armour Shop.
 25351 | Orc:2    | Bought a scroll of immolation for 52 gold pieces
 25352 | Orc:2    | Bought a scroll of teleportation for 45 gold pieces
 25352 | Orc:2    | Bought a scroll of teleportation for 45 gold pieces
 25352 | Orc:2    | Bought a scroll of torment for 112 gold pieces
 25352 | Orc:2    | Bought a scroll of poison for 52 gold pieces
 25352 | Orc:2    | Bought a scroll of teleportation for 45 gold pieces
 25356 | Orc:2    | Found Tokhloewa's General Store.
 25357 | Orc:2    | Found Foeras's Assorted Antiques.
 25375 | Orc:2    | Bought a potion of haste for 270 gold pieces
 25375 | Orc:2    | Bought a potion of haste for 270 gold pieces
 25386 | Orc:2    | Bought a wand of paralysis (5) for 98 gold pieces
 25386 | Orc:2    | Bought a scroll of fear for 49 gold pieces
 25774 | D:12     | Killed Jorgrun
 26477 | D:13     | Found a gate to the Vaults.
 26640 | D:13     | Found a runed translucent door.
 27046 | D:14     | Noticed Louise
 27062 | D:14     | Killed Louise
 27699 | D:15     | Entered Level 15 of the Dungeon
 27922 | D:15     | Reached XP level 16. HP: 93/93 MP: 24/24
 28503 | D:15     | Found a staircase to the Depths.
 28518 | D:15     | Reached skill level 1 in Evocations
 28737 | D:15     | Identified the +9 short sword of Dismemberment {elec, rElec
                  | rN+}
 28913 | Swamp:1  | Entered Level 1 of the Swamp
 28966 | Swamp:1  | Reached skill level 5 in Evocations
 29706 | Swamp:2  | Reached skill level 10 in Evocations
 30361 | Swamp:2  | You fall into a shaft and drop 1 floor!
 30427 | Swamp:3  | Noticed Kirke
 30811 | Swamp:2  | Acquired a +1 arbalest of flaming
 31198 | Swamp:2  | Killed Kirke
 31447 | Swamp:3  | Reached XP level 17. HP: 97/97 MP: 25/25
 32510 | Swamp:4  | Entered Level 4 of the Swamp
 32570 | Swamp:4  | Reached skill level 15 in Evocations
 32856 | Swamp:4  | Identified the +2 war axe of Hurting Disembowelment
                  | {antimagic, Int+3}
 32989 | Swamp:4  | Noticed a tentacled monstrosity
 32989 | Swamp:4  | Noticed a tentacled monstrosity
 33005 | Swamp:4  | Killed a tentacled monstrosity
 33012 | Swamp:4  | Killed a tentacled monstrosity
 33020 | Swamp:4  | Noticed a tentacled monstrosity
 33045 | Swamp:4  | Killed a tentacled monstrosity
 33086 | Swamp:4  | Reached skill level 21 in Dodging
 33466 | Swamp:4  | Killed a tentacled monstrosity
 33624 | Swamp:4  | Noticed a tentacled monstrosity
 33667 | Swamp:4  | Killed a tentacled monstrosity
 33807 | Swamp:4  | Reached skill level 22 in Dodging
 34425 | Swamp:4  | Got a decaying rune of Zot
 34577 | Swamp:4  | Acquired a manual of Fighting
 34793 | Vaults:1 | Entered Level 1 of the Vaults
 35156 | Vaults:1 | Lost mutation: You expend magic power (3 MP) to strengthen
                  | your wands. [potion of mutation]
 35156 | Vaults:1 | Lost mutation: Your body sometimes deteriorates upon taking
                  | damage. [potion of mutation]
 35156 | Vaults:1 | Gained mutation: You occasionally lose the ability to drink
                  | potions when taking damage. [potion of mutation]
 35157 | Vaults:1 | Lost mutation: You occasionally lose the ability to drink
                  | potions when taking damage. [potion of mutation]
 35157 | Vaults:1 | Gained mutation: You are strong-willed. (Will+) [potion of
                  | mutation]
 35157 | Vaults:1 | Gained mutation: You are dopey. (Int -2) [potion of
                  | mutation]
 35157 | Vaults:1 | Gained mutation: You expend magic power (3 MP) to
                  | strengthen your wands. [potion of mutation]
 35706 | Vaults:1 | Reached skill level 23 in Dodging
 35984 | Vaults:1 | Found the +10 dark maul {vorpal}
 36016 | Vaults:1 | Reached skill level 15 in Fighting
 36130 | Vaults:1 | Noticed Zenata
 36534 | Vaults:2 | Reached XP level 18. HP: 104/104 MP: 23/26
 37001 | Vaults:2 | Found Pukis's Book Emporium.
 37331 | Vaults:2 | Found a runed translucent gate.
 37331 | Vaults:2 | Found a runed translucent gate.
 37331 | Vaults:2 | Found a runed translucent gate.
 37331 | Vaults:2 | Noticed anonymous's ghost (adept MiGl)
 37962 | Vaults:1 | Reached skill level 24 in Dodging
 39010 | Vaults:3 | Noticed Nikola
 40016 | Vaults:3 | Killed Nikola
 40076 | Vaults:3 | Found a staircase to the Crypt.
 41195 | Vaults:4 | Reached XP level 19. HP: 114/114 MP: 24/27
 41785 | Vaults:4 | Found Deatusem's Distillery.
 41792 | Vaults:4 | Bought a potion of ambrosia for 96 gold pieces
 41792 | Vaults:4 | Bought a potion of heal wounds for 60 gold pieces
 41792 | Vaults:4 | Bought 2 potions of resistance for 240 gold pieces
 41792 | Vaults:4 | Bought a potion of curing for 36 gold pieces
 41792 | Vaults:4 | Bought a potion of flight for 36 gold pieces
 41792 | Vaults:4 | Bought a potion of curing for 36 gold pieces
 42848 | Snake:1  | Entered Level 1 of the Snake Pit
 43340 | Snake:1  | Found Qipheor's Overcharged Wands.
 43353 | Snake:1  | Bought a wand of digging (11) for 450 gold pieces
 43353 | Snake:1  | Bought a wand of iceblast (18) for 330 gold pieces
 43353 | Snake:1  | Bought a wand of paralysis (18) for 300 gold pieces
 43651 | Snake:2  | Noticed Frances
 43885 | Snake:2  | Killed Frances
 44749 | Snake:3  | Identified Roxanne's Handbook of the Mountains
 44749 | Snake:3  | Noticed Roxanne
 44753 | Snake:3  | Noticed Aizul
 44763 | Snake:3  | Killed Aizul
 44773 | Snake:3  | Killed from afar by a shock serpent

Illustrated notes

Levels and vault maps discovered:
D:1:      onia_arrival_zoo_common, layout_rooms, ebering_ecumenical_altar_box
D:2:      layout_loops_corners, basic_altar, uniq_natasha, uniq_robin,
          uniq_terence, uniq_crazy_yiuf_cottage
D:3:      layout_basic, nicolae_overflow_ecumenical_swirl,
          grunt_temple_overflow_diamond, minmay_hedge_maze
D:4:      layout_gridville, nicolae_kikubaaqudgha_miasma_corner,
          corexii_mini_fake_secret_closet, uniq_menkaure, uniq_eustachio,
          uniq_duvessa
D:5:      layout_loops_ring, nicolae_overflow_hallway_of_the_gods,
          minmay_temple_entry_glass, serial_shops, nicolae_shop_hallway_stairs,
          kennysheep_path_1, uniq_sigmund
D:6:      layout_loops_ring, uniq_pikel
D:7:      layout_gridville, gammafunk_ghost_arena, dreamdust_princess_bridge
D:8:      layout_cave_pods, mainiacjoe_overflow_brackets,
          due_lair_maze_entry_diamond, uniq_maurice
D:9:      layout_grid_maze, enter_bailey_3, corexii_hall_statues_l
D:10:     layout_grid_maze, orc_0_dummy, uniq_joseph, uniq_psyche, uniq_lodul
D:11:     layout_loops_ring
D:12:     layout_cross, uniq_jorgrun
D:13:     cheibrodos_body_horror, layout_rooms, skrybe_vaults_entry_preservation
D:14:     layout_loops_ring, uniq_louise
D:15:     grunt_enter_depths_snipers, layout_rooms,
          amcnicky_mini_rare_corridor_liquid
Lair:1:   layout_misc_corridors
Lair:2:   layout_cave_pods, portal_ice_cave_entry_imps, lemuel_fruit_fields,
          uniq_amaemon
Lair:3:   layout_cave_pods, minmay_swamp_entry_eels, cheibrodos_lair_reptile_den
Lair:4:   layout_misc_corridors, dummy_snake_entry
Lair:5:   layout_hall_layers, slime_entry_1, nzn_ghost_randoct, uniq_sonja
Lair:6:   evilmike_catoblepas_cave, layout_concentric_octagons
Swamp:1:  layout_falls_marsh, hangedman_swamp_lotus
Swamp:2:  layout_basic_swamp, nicolae_swamp_little_swirl, swamp_pool5
Swamp:3:  layout_falls_marsh, infiniplex_staircase_pool_2,
          nicolae_swamp_rocky_clearing, uniq_kirke
Swamp:4:  nzn_swamp_witches_coven, layout_basic_swamp
Snake:1:  layout_onion, nicolae_shop_overcharged_wands
Snake:2:  layout_onion_interference, serial_bayou_lagoon_a, grunt_ministairs_12,
          uniq_frances
Snake:3:  layout_misc_corridors, minmay_shop_grove, serial_bayou_shore_b,
          uniq_aizul, uniq_roxanne
Orc:1:    layout_caves, hellmonk_bongcloud_opening, bloody_makhleb, uniq_snorg
Orc:2:    st_orc_open, layout_caves
Vaults:1: v_misc_19, vaults_dpeg_diagonal, v_misc_13, hangedman_vaults_cutoff,
          vaults_mumra_chevron_long, ontoclasm_vaults_loading_screen,
          vaults_dpeg_hooks, hangedman_vaults_impose, nicolae_vaults_asterisk,
          nicolae_vaults_shelves_hall, layout_vaults_maze_snakey, uniq_zenata
Vaults:2: gammafunk_ghost_necromancy, vaults_room_fancy_cross,
          vaults_dpeg_spiral, vaults_room_glass_cross, v_misc_12,
          vaults_room_mumra_shop_pool, ontoclasm_vaults_decontamination,
          v_alt_pattern_1, nicolae_vaults_shelves_hall, ontoclasm_vaults_pinch,
          layout_vaults_omnicross
Vaults:3: nicolae_vaults_little_squares_4, nicolae_vaults_three_branches,
          minmay_crypt_entry_simple_plaza, v_misc_24, v_misc_8,
          nicolae_vaults_asterisk, layout_vaults_omnigrid, uniq_nikola
Vaults:4: nicolae_vaults_twisting_passages, vaults_room_door_hall,
          hangedman_vaults_restitches, hangedman_vaults_nodes,
          nicolae_vaults_asterisk, v_misc_10, nicolae_vaults_little_squares_5,
          nicolae_vaults_network_quinsquares
          [nicolae_vaults_network_quincunx_subvault,
          nicolae_vaults_network_quincunx_subvault,
          nicolae_vaults_network_quincunx_subvault,
          nicolae_vaults_network_quincunx_subvault], vaults_room_semicircle,
          ontoclasm_vaults_idyll, nicolae_vaults_rhombus_5,
          vaults_mumra_chevron, layout_vaults_big_room, serial_shops, shop

Skill      XL: |  1  2  3  4  5  6  7  8  9 10 11 12 13 14 15 16 17 18 19 |
---------------+----------------------------------------------------------+-----
Ranged Weapons | 5 6 8 10 12 15 16 18 19 20 23 | 23.7
Fighting       | 2 3 4 5 7 8 11 14 15 18 | 18.0
Dodging        | 3 4 6 10 14 15 18 20 23 24 | 24.0
Invocations    | 4 10 | 10.0
Evocations     | 14 15 | 15.0
Stealth        | |  1.5

Action                   |  1- 3 |  4- 6 |  7- 9 | 10-12 | 13-15 | 16-18 | 19-21 || total
-------------------------+-------+-------+-------+-------+-------+-------+-------++-------
 Fire: Shortbow          |    65 |   167 |   484 |  1063 |  1509 |  2199 |   328 ||  5815
       Arbalest          |       |       |       |       |       |    16 |   256 ||   272
Throw: Dart              |       |       |       |       |     5 |     1 |       ||     6
Invok: Wall of Briars    |       |       |       |     5 |     3 |    12 |       ||    20
       Grow Oklob        |       |       |       |     2 |     8 |    14 |       ||    24
       Overgrow          |       |       |       |       |     2 |       |     1 ||     3
       Grow Ballistomyce |       |       |       |       |       |     1 |       ||     1
Evoke: Wand              |       |       |     5 |    30 |    10 |    20 |     7 ||    72
       Condenser vane    |       |       |       |       |     3 |     3 |     2 ||     8
       Phial of floods   |       |       |       |       |     1 |     6 |     1 ||     8
       Phantom mirror    |       |       |       |       |       |     6 |     1 ||     7
  Use: Scroll            |     4 |     8 |     6 |    17 |     9 |     9 |     6 ||    59
       Potion            |     1 |     2 |     4 |     2 |       |    11 |     4 ||    24
Armor: Robe              |       |     3 |    16 |    16 |    24 |    50 |     5 ||   114
Dodge: Dodged            |    10 |    21 |   203 |   234 |   619 |  1521 |   389 ||  2997

Table legend: (Time is in decaauts)
 A = Elapsed time spent in this place.
 B = Non-inter-level travel time spent in this place.
 C = Inter-level travel time spent in this place.
 D = Time resting spent in this place.
 E = Time spent auto-exploring this place.
 F = Levels seen in this place.
 G = Mean time per level.
                   A        B        C        D        E       F      G
               +--------+--------+--------+--------+--------+-----+--------+
         Total |  33354 |  30499 |   2855 |   6396 |  15853 |  36 |  926.5 |
       Dungeon |  13522 |  12335 |   1187 |   3490 |   6158 |  15 |  901.5 |
          Lair |   5461 |   5009 |    452 |    177 |   3477 |   6 |  910.2 |
         Swamp |   4663 |   4053 |    610 |    938 |   1867 |   4 | 1165.8 |
     Snake Pit |   1462 |   1333 |    129 |    284 |    638 |   3 |  487.3 |
  Orcish Mines |   1299 |   1257 |     42 |    543 |    455 |   2 |  649.5 |
        Vaults |   5387 |   4955 |    432 |    602 |   2672 |   4 | 1346.8 |
        Bailey |    411 |    411 |      0 |      0 |    200 |   1 |  411.0 |
      Ice Cave |   1144 |   1144 |      0 |    359 |    383 |   1 | 1144.0 |
               +--------+--------+--------+--------+--------+-----+--------+

Top non-repeatable levels by time:
     D:3: 1787 daAuts
     D:5: 1754 daAuts
 Swamp:2: 1614 daAuts
Vaults:2: 1501 daAuts
 Swamp:4: 1497 daAuts
Vaults:4: 1485 daAuts
     D:2: 1305 daAuts
  Lair:6: 1209 daAuts
Vaults:3: 1204 daAuts
Vaults:1: 1196 daAuts
   IceCv: 1144 daAuts
     D:8: 1055 daAuts
    D:10: 1053 daAuts
  Lair:2: 994 daAuts
  Lair:3: 914 daAuts
